cohdb
Replays
Latest Replays
All Replays
Popular Replays
Top Player Replays
Match Explorer
How It Works
Community
CoH3 Stats
Reddit
Sign in to upload your games and track your stats! →
Sign in with Steam
Match 25192463
Unlisted
Match 25192463
Overview
Messages
Build Orders
End
Construct Barracks
Riflemen Squad
Riflemen Squad
Riflemen Squad
Grenade Package
Infantry Support Center
Riflemen Squad
M1918 Browning Automatic Rifles
Selects Advanced Infantry Battlegroup
Selects Convert to Ranger Squad
Munitions Surplus
Construct Motor Pool
Selects Frontline Medical Station
M1 Anti-tank Gun Team
Frontline Medical Station
Engineer Squad
Scout Squad
Selects Ammunition Storage
Advanced Logistics
Eber
Piros
Máximo
Diesel
TURTLE LEONID
INRI
0
0
Comments
sign in to comment!
No comments posted yet!